[Event "Titled Tuesday Blitz September 20 Late 2022"]
[White "Adewumi, Tanitoluwa"]
[Black "Leitao, Rafael"]
[WhiteFideId "30966396"]
[BlackFideId "2101246"]
[WhiteElo "2568"]
[BlackElo "2609"]
[Result "0-1"]
[Round "08"]
[TimeControl "180+1"]
[Date "2022.09.20"]
[WhiteClock "0:00:01"]
[BlackClock "0:00:40"]

1. Nf3 Nf6 2. b3 g6 3. Bb2 Bg7 4. e3 O-O 5. c4 d6 6. d4 c5 7. dxc5 Qa5+ 8. Nc3 Ne4 9. Rc1 Nxc3 10. Qd2 Qxa2 11. Bxc3 Qxd2+ 12. Nxd2 dxc5 13. Bxg7 Kxg7 14. Ne4 Na6 15. g3 Rd8 16. Ke2 Bg4+ 17. f3 Bf5 18. Nf2 Rd6 19. e4 Be6 20. e5 Rb6 21. Rc3 Rd8 22. Nd3 Bf5 23. Nf4 Nb4 24. g4 Be6 25. Nxe6+ fxe6 26. f4 Ra6 27. Ke3 Ra2 28. Be2 Nc2+ 29. Ke4 Nd4 30. Bd3 Rf2 31. Rf1 Rxh2 32. f5 exf5+ 0-1


[Site "https://www.chess.com"]

[Event "Titled Tuesday Blitz September 20 Late 2022"]
[White "Bluebaum, Matthias"]
[Black "Sjugirov, Sanan"]
[WhiteFideId "24651516"]
[BlackFideId "4189302"]
[WhiteElo "2633"]
[BlackElo "2609"]
[Result "1-0"]
[Round "08"]
[TimeControl "180+1"]
[Date "2022.09.20"]
[WhiteClock "0:00:09"]
[BlackClock "0:00:02"]

1. d4 d5 2. c4 e6 3. Nc3 a6 4. cxd5 exd5 5. a3 h6 6. Bf4 Nf6 7. e3 Bd6 8. Bxd6 Qxd6 9. Bd3 O-O 10. Nge2 Bg4 11. h3 Bxe2 12. Qxe2 Nbd7 13. O-O Rfe8 14. Qf3 c6 15. b4 b5 16. Rad1 Nb6 17. e4 dxe4 18. Nxe4 Nxe4 19. Bxe4 Rac8 20. d5 c5 21. bxc5 Rxc5 22. Rfe1 Rd8 23. h4 Nc4 24. h5 Qf6 25. Qg3 Nd6 26. Bb1 Rc3 27. Rd3 Rdc8 28. Qe3 R3c7 29. Rd2 Qc3 30. Rd3 Qf6 31. Qe2 Rc1 32. Rdd1 Rxd1 33. Qxd1 Qc3 34. Kh2 Qxa3 35. Re3 Qb4 36. Qd3 Qh4+ 37. Rh3 Qf4+ 38. Rg3 g6 39. hxg6 f5 40. Qe3 Qxe3 41. Rxe3 a5 42. Re7 a4 43. Rd7 Nc4 44. Bxf5 Ne5 45. Be6+ Kh8 46. g7+ 1-0


[Site "https://www.chess.com"]

[Event "Titled Tuesday Blitz September 20 Late 2022"]
[White "Bortnyk, Olexandr"]
[Black "Jobava, Baadur"]
[WhiteFideId "14120828"]
[BlackFideId "13601520"]
[WhiteElo "2988"]
[BlackElo "2929"]
[Result "1/2-1/2"]
[Round "08"]
[TimeControl "180+1"]
[Date "2022.09.20"]
[WhiteClock "0:00:05"]
[BlackClock "0:00:12"]

1. e4 e6 2. d4 d5 3. Nc3 dxe4 4. Nxe4 Bd7 5. Nf3 Bc6 6. Bd3 Nd7 7. O-O Ngf6 8. Re1 Nxe4 9. Bxe4 Bxe4 10. Rxe4 Nf6 11. Rh4 Be7 12. c4 c5 13. Bg5 h6 14. Ne5 Qa5 15. b4 cxb4 16. Qf3 Qc7 17. Re1 Rf8 18. Bd2 O-O-O 19. Rf4 Bd6 20. Be3 a5 21. h4 Nd7 22. Rxf7 Bxe5 23. dxe5 Qxe5 24. Rd1 Rxf7 25. Qxf7 Qf6 26. Qh5 Ne5 27. Bd4 Rxd4 28. Rxd4 Nf3+ 29. gxf3 Qxd4 30. Qe8+ Kc7 31. Qxe6 Qxh4 32. Qe5+ Kc8 33. Qc5+ Kd7 34. Qd5+ Kc8 35. Qc5+ Kd7 36. Qd5+ Kc8 37. Qc5+ 1/2-1/2


[Site "https://www.chess.com"]

[Event "Titled Tuesday Blitz September 20 Late 2022"]
[White "Donchenko, Alexander"]
[Black "Bok, Benjamin"]
[WhiteFideId "24603295"]
[BlackFideId "1017063"]
[WhiteElo "2572"]
[BlackElo "2658"]
[Result "1/2-1/2"]
[Round "08"]
[TimeControl "180+1"]
[Date "2022.09.20"]
[WhiteClock "0:00:29"]
[BlackClock "0:00:19"]

1. Nf3 d5 2. g3 g6 3. Bg2 Bg7 4. d4 Nf6 5. O-O O-O 6. c4 c6 7. Qb3 Qb6 8. Nc3 Rd8 9. Rd1 Bf5 10. Qxb6 axb6 11. cxd5 Nxd5 12. Bg5 Nxc3 13. bxc3 b5 14. Nd2 f6 15. Bf4 Be6 16. Nb3 Nd7 17. d5 cxd5 18. Bxd5 Nc5 19. Nxc5 Bxd5 20. Bc7 Rdc8 21. Rxd5 Rxc7 22. Ne6 Rxc3 23. Rd7 Bf8 24. Rxb7 Rc2 25. e3 Kf7 26. Nd4 Rcxa2 27. Rxa2 Rxa2 28. Nxb5 Rd2 29. h4 f5 30. Nd4 Bg7 31. Nf3 Rd1+ 32. Kg2 Bf6 33. Ng5+ Bxg5 34. hxg5 Ra1 35. Rb4 1/2-1/2


[Site "https://www.chess.com"]

[Event "Titled Tuesday Blitz September 20 Late 2022"]
[White "Fiorito, Joaquin"]
[Black "Sargsyan, Anna M."]
[WhiteFideId "180173"]
[BlackFideId "13308130"]
[WhiteElo "1758"]
[BlackElo "2271"]
[Result "1-0"]
[Round "08"]
[TimeControl "180+1"]
[Date "2022.09.20"]
[WhiteClock "0:00:45"]
[BlackClock "0:00:05"]

1. d4 d5 2. Nc3 Nf6 3. Bf4 c6 4. e3 Bf5 5. f3 e6 6. g4 Bg6 7. h4 h6 8. Qd2 Bd6 9. Nh3 Bh7 10. O-O-O b5 11. Bxd6 Qxd6 12. Nf4 Nbd7 13. g5 Ng8 14. g6 Bxg6 15. Nxg6 fxg6 16. Bd3 Ne7 17. Qg2 Nf8 18. f4 a5 19. h5 a4 20. hxg6 b4 21. Ne2 b3 22. cxb3 axb3 23. a3 Nd7 24. Nc3 c5 25. f5 c4 26. Bxc4 Nxf5 27. Rde1 Rxa3 28. bxa3 dxc4 29. Kb2 O-O 30. Rhf1 Qa6 31. Qe4 Ra8 32. a4 Nf6 33. Qe5 Ng4 34. Qf4 Nf6 35. e4 Nxd4 36. e5 Nf5 37. exf6 Qc6 38. f7+ Kf8 39. Qf3 Qc8 40. Rxe6 Nd4 41. Re8+ Qxe8 42. fxe8=Q+ 1-0


[Site "https://www.chess.com"]

[Event "Titled Tuesday Blitz September 20 Late 2022"]
[White "Girel, Joseph"]
[Black "Becerra, Juan David"]
[WhiteFideId "36033561"]
[BlackFideId "4404998"]
[WhiteElo "2104"]
[BlackElo "2278"]
[Result "1-0"]
[Round "08"]
[TimeControl "180+1"]
[Date "2022.09.20"]
[WhiteClock "0:01:49"]
[BlackClock "0:00:01"]

1. d4 d5 2. c4 e6 3. Nf3 c6 4. Nc3 Nf6 5. Bg5 h6 6. Bxf6 Qxf6 7. e3 Nd7 8. Be2 g6 9. O-O Bg7 10. e4 dxc4 11. e5 Qe7 12. Bxc4 O-O 13. Qe2 b5 14. Bb3 a5 15. a4 Ba6 16. axb5 cxb5 17. Nxb5 Qb4 18. Bc4 Nb6 19. b3 a4 20. Nd6 Nxc4 21. bxc4 Rfb8 22. Qa2 Bf8 23. Rfb1 Qc3 24. c5 Rb3 25. Rc1 Qd3 26. Qxa4 Bb7 27. Qc4 Rxa1 28. Rxa1 Rb1+ 29. Rxb1 Qxb1+ 30. Qf1 Qxf1+ 31. Kxf1 Bxf3 32. gxf3 1-0


[Site "https://www.chess.com"]

[Event "Titled Tuesday Blitz September 20 Late 2022"]
[White "Goroshkov, Maksym"]
[Black "Rustemov, Alexander"]
[WhiteFideId "14142716"]
[BlackFideId "4119002"]
[WhiteElo "2257"]
[BlackElo "2843"]
[Result "0-1"]
[Round "08"]
[TimeControl "180+1"]
[Date "2022.09.20"]
[WhiteClock "0:00:05"]
[BlackClock "0:00:16"]

1. e4 e6 2. d4 d5 3. exd5 exd5 4. c4 Nf6 5. Nc3 Bb4 6. Nf3 O-O 7. Be2 dxc4 8. Bxc4 Nc6 9. O-O Bd6 10. Bg5 h6 11. Bh4 g5 12. Nxg5 hxg5 13. Bxg5 Be7 14. Qd3 Kg7 15. Qg3 Nh5 16. Bf6+ Kxf6 17. Ne4+ Kf5 18. Qd3 Qxd4 19. Ng3+ Kg5 20. Qh7 Rh8 21. Ne4+ Kh4 22. g3+ Kh3 23. Qxf7 Qxe4 24. f3 Qe3+ 25. Rf2 Nxg3 26. hxg3 Bc5 27. Bf1+ Kxg3 28. Qg7+ Kf4 29. Qf6+ Bf5 30. Qxf5+ Kxf5 31. Bd3+ Qxd3 32. Re1 Bxf2+ 33. Kxf2 Rh2+ 34. Kg3 Rh3+ 35. Kxh3 Qxf3+ 36. Kh2 Rh8+ 37. Kg1 Rh1# 0-1


[Site "https://www.chess.com"]

[Event "Titled Tuesday Blitz September 20 Late 2022"]
[White "Gurevich, Dmitry"]
[Black "Papasimakopoulos, Alexandros"]
[WhiteFideId "2000407"]
[BlackFideId "4244125"]
[WhiteElo "2506"]
[BlackElo "2357"]
[Result "1-0"]
[Round "08"]
[TimeControl "180+1"]
[Date "2022.09.20"]
[WhiteClock "0:00:04"]
[BlackClock "0:00:10"]

1. d4 e6 2. c4 Nf6 3. Nf3 Bb4+ 4. Bd2 Qe7 5. Nc3 b6 6. g3 Bb7 7. Bg2 O-O 8. O-O Bxc3 9. Bxc3 Be4 10. Rc1 d6 11. Re1 Nbd7 12. Bh3 Bb7 13. Nd2 Ne4 14. Nxe4 Bxe4 15. f3 Bf5 16. Bg2 e5 17. e4 Bg6 18. d5 f5 19. exf5 Bxf5 20. f4 Rae8 21. fxe5 Nxe5 22. Bxe5 dxe5 23. Qd2 Qc5+ 24. Qe3 Qd4 25. b3 a5 26. Rcd1 Qxe3+ 27. Rxe3 Re7 28. d6 cxd6 29. Rxd6 Rb8 30. Bd5+ Kh8 31. Kg2 g6 32. h3 h5 33. Bf3 Kg7 34. g4 hxg4 35. hxg4 Bb1 36. Be4 Bxe4+ 37. Rxe4 b5 38. c5 b4 39. g5 Rc8 40. Rd5 Rce8 41. c6 Kf7 42. Rxa5 Rc8 43. Rc5 Re6 44. Rxb4 Rexc6 45. Rxc6 Rxc6 46. Rc4 Rd6 47. a4 Rd2+ 48. Kf3 Rd3+ 49. Ke4 Rxb3 50. Kxe5 Re3+ 51. Kd6 Rd3+ 52. Kc6 Ra3 53. Kb5 Ke6 54. Rc5 Kd7 55. a5 Rb3+ 56. Ka6 Kd6 57. Rb5 Re3 58. Rb6+ Kc7 59. Rxg6 Re5 60. Rg7+ Kc6 61. g6 Re8 62. Ra7 Re5 63. g7 Rg5 64. Rf7 Rg1 65. Ka7 Kd6 66. a6 Ke6 67. Rc7 Kd6 68. Rb7 Kc6 69. Ka8 Rg2 70. a7 Kd6 71. Kb8 Re2 72. Rb6+ Kc5 73. a8=Q Kxb6 74. Qb7+ Kc5 75. Qc7+ Kb5 76. g8=Q Rb2 77. Qgc4# 1-0


[Site "https://www.chess.com"]

[Event "Titled Tuesday Blitz September 20 Late 2022"]
[White "Hansen, Eric"]
[Black "Riehle, Marco"]
[WhiteFideId "2606771"]
[BlackFideId "12904392"]
[WhiteElo "2568"]
[BlackElo "2462"]
[Result "1-0"]
[Round "08"]
[TimeControl "180+1"]
[Date "2022.09.20"]
[WhiteClock "0:00:05"]
[BlackClock "0:00:20"]

1. e4 e5 2. Nf3 Nf6 3. Nxe5 Nxe4 4. Qe2 Qe7 5. Qxe4 d6 6. d4 dxe5 7. dxe5 Nc6 8. Nc3 Qxe5 9. Qxe5+ Nxe5 10. Nb5 Bb4+ 11. c3 Ba5 12. Bf4 f6 13. O-O-O O-O 14. Nd4 Bb6 15. f3 Bd7 16. Bxe5 fxe5 17. Bc4+ Kh8 18. Nc2 Bc6 19. Bd5 Rae8 20. Bxc6 bxc6 21. Rhe1 g5 22. h3 Kg7 23. Nb4 Re6 24. Re4 Kf6 25. Nd3 h5 26. Rde1 Rfe8 27. Kc2 a5 28. a4 Kf5 29. R1e2 h4 30. Kb3 Kf6 31. Kc4 Kf5 32. b4 Kf6 33. bxa5 Bxa5 34. Nc5 R6e7 35. Rg4 Rg8 36. Rd2 Bb6 37. Ne4+ Kf5 38. g3 hxg3 39. Nxg3+ Kf6 40. Ne4+ Kf5 41. h4 Ra8 42. hxg5 Rxa4+ 43. Kb3 Ra1 44. g6 Rg7 45. Rd8 Rb1+ 46. Kc4 Re1 47. Rf8+ Ke6 48. Rf6+ Ke7 49. Rf5 Ke6 50. Rgg5 Re3 51. Rxe5+ Kd7 52. Nf6+ Kc8 53. Rxe3 Bxe3 54. Rg4 Kd8 55. Re4 Kc8 56. Rxe3 Rxg6 57. Re8+ Kb7 58. Ne4 Rh6 59. f4 Rh4 60. Rf8 Kb6 61. Kd4 Kb5 62. Rb8+ Ka6 63. f5 c5+ 64. Ke5 c6 65. f6 Rh7 66. Nxc5+ Ka5 67. Ke6 Rh6 68. Nd7 c5 69. Ke7 Rh1 70. f7 Re1+ 71. Kd8 Re2 72. f8=Q Ka6 73. Qd6+ 1-0


[Site "https://www.chess.com"]

[Event "Titled Tuesday Blitz September 20 Late 2022"]
[White "Iliaguev, Nisim"]
[Black "Fernandez De La Vara, Arnaldo"]
[WhiteFideId "2817276"]
[BlackFideId "3518388"]
[WhiteElo "2107"]
[BlackElo "2387"]
[Result "0-1"]
[Round "08"]
[TimeControl "180+1"]
[Date "2022.09.20"]
[WhiteClock "0:00:10"]
[BlackClock "0:00:18"]

1. d4 c5 2. Nf3 Nf6 3. g3 b6 4. Bg2 Bb7 5. O-O g6 6. c4 cxd4 7. Qxd4 Bg7 8. Nc3 Nc6 9. Qd1 O-O 10. a3 Rc8 11. h4 a6 12. Nd5 Na5 13. Nxf6+ Bxf6 14. c5 bxc5 15. Bh6 Bg7 16. Bxg7 Kxg7 17. Qc2 Qb6 18. h5 Qf6 19. g4 g5 20. Rac1 d6 21. Qd2 Nb3 22. Qxg5+ Qxg5 23. Nxg5 Bxg2 24. Kxg2 Nxc1 25. Rxc1 Rb8 26. Rc2 Rb3 27. f4 Rfb8 28. Rc4 Rxb2 29. Re4 e6 30. f5 h6 31. Nh3 exf5 32. gxf5 Kf6 33. Nf2 Kxf5 34. Re7 R8b7 35. Re8 c4 36. Kf3 c3 37. Rc8 d5 38. Nd3 R2b3 39. a4 Ra3 40. Rc5 Rd7 41. a5 Kg5 42. Rc6 d4 43. Rxa6 Rc7 44. Rb6 c2 45. Rb5+ f5 0-1


[Site "https://www.chess.com"]

[Event "Titled Tuesday Blitz September 20 Late 2022"]
[White "Kalogeris, Ioannis"]
[Black "Shandrygin, Nikita"]
[WhiteFideId "4239563"]
[BlackFideId "24198668"]
[WhiteElo "2291"]
[BlackElo "2323"]
[Result "0-1"]
[Round "08"]
[TimeControl "180+1"]
[Date "2022.09.20"]
[WhiteClock "0:00:38"]
[BlackClock "0:00:06"]

1. e4 c5 2. Nf3 e6 3. d4 cxd4 4. Nxd4 Nf6 5. Nc3 Nc6 6. Nxc6 bxc6 7. e5 Nd5 8. Ne4 Qc7 9. f4 Qb6 10. c4 Bb4+ 11. Ke2 Ba6 12. Kf3 f5 13. Nd6+ Bxd6 14. exd6 Nf6 15. c5 Qb7 16. Qd4 Bxf1 17. Rxf1 O-O 18. b3 Rae8 19. Bb2 Rf7 20. h3 Ne4 21. g4 Qb5 22. Rae1 Qxc5 23. Qxc5 Nxc5 24. Bd4 Ne4 25. Rxe4 fxe4+ 26. Kxe4 g5 27. Be5 gxf4 28. Rf3 Rb8 29. a3 Rb5 30. b4 a5 31. Bc3 axb4 32. axb4 Rd5 33. Be5 Rb5 34. Bc3 Rf8 35. h4 Rd5 36. g5 Rff5 37. Bf6 Kf7 38. Bd8 Rb5 39. Ba5 c5 40. Rc3 f3 41. g6+ hxg6 42. Rc1 f2 43. Rf1 cxb4 44. Bd8 Rbe5+ 45. Kd4 Re1 46. Rxf2 Rxf2 47. Kc4 Re4+ 0-1


[Site "https://www.chess.com"]

[Event "Titled Tuesday Blitz September 20 Late 2022"]
[White "Kamsky, Gata"]
[Black "Vasquez Schroeder, Rodrigo"]
[WhiteFideId "2000024"]
[BlackFideId "3400042"]
[WhiteElo "2666"]
[BlackElo "2577"]
[Result "1/2-1/2"]
[Round "08"]
[TimeControl "180+1"]
[Date "2022.09.20"]
[WhiteClock "0:00:27"]
[BlackClock "0:00:42"]

1. e4 c6 2. Nf3 d5 3. d3 Qc7 4. Nc3 dxe4 5. dxe4 Nd7 6. Bc4 e6 7. a4 Ngf6 8. O-O Be7 9. Qe2 e5 10. Rd1 O-O 11. Nh4 Nb6 12. Nf5 Nxc4 13. Qxc4 Bxf5 14. exf5 Rad8 15. Be3 a6 16. h3 h6 17. g4 Rxd1+ 18. Rxd1 Rd8 19. Rd3 Rxd3 20. Qxd3 b5 21. b3 Qa5 22. axb5 axb5 23. Kg2 b4 24. Ne4 Nd5 25. Qc4 Nxe3+ 26. fxe3 Qd5 27. Qd3 Kf8 28. Kg3 Ke8 29. h4 f6 30. Kf3 Kd7 31. Ke2 Kc7 32. Kf3 Kb6 33. Ke2 Kc7 34. Kf3 Kb6 35. Ke2 Kc7 1/2-1/2


[Site "https://www.chess.com"]

[Event "Titled Tuesday Blitz September 20 Late 2022"]
[White "Korchmar, Vasiliy"]
[Black "Pham, Khoi"]
[WhiteFideId "24131750"]
[BlackFideId "1054988"]
[WhiteElo "2370"]
[BlackElo "2404"]
[Result "0-1"]
[Round "08"]
[TimeControl "180+1"]
[Date "2022.09.20"]
[WhiteClock "0:00:01"]
[BlackClock "0:00:15"]

1. e4 e6 2. d4 d5 3. e5 c5 4. c3 Nc6 5. Nf3 Qb6 6. Be2 Nh6 7. Bxh6 Qxb2 8. Be3 Qxa1 9. Qc2 cxd4 10. Nxd4 Nxd4 11. Bxd4 Ba3 12. O-O Qb2 13. Qa4+ Bd7 14. Qxa3 Qxe2 15. Bc5 Qa6 16. Qb4 Qc6 17. Nd2 f6 18. Nf3 Qb5 19. Qd4 Qc4 20. Qe3 Rc8 21. Bb4 a5 22. Bd6 Qxc3 23. Qf4 Rc4 24. Qg3 Kf7 25. exf6 gxf6 26. Qh3 h5 27. Re1 h4 28. Bg3 Re4 29. Rf1 Bb5 30. Bxh4 Qc4 31. Nd2 Rexh4 32. Nxc4 Rxh3 33. Nd6+ Ke7 34. Nxb5 Rd3 35. g3 Rc8 36. h4 e5 37. Kg2 d4 38. h5 Rd2 39. a4 e4 40. h6 e3 41. Kf3 e2 42. Re1 d3 0-1


[Site "https://www.chess.com"]

[Event "Titled Tuesday Blitz September 20 Late 2022"]
[White "Lenderman, Aleksandr"]
[Black "Nakamura, Hikaru"]
[WhiteFideId "2021285"]
[BlackFideId "2016192"]
[WhiteElo "2946"]
[BlackElo "3238"]
[Result "1-0"]
[Round "08"]
[TimeControl "180+1"]
[Date "2022.09.20"]
[WhiteClock "0:01:17"]
[BlackClock "0:00:01"]

1. d4 f5 2. g3 g6 3. Bg2 Bg7 4. Nf3 Nf6 5. O-O O-O 6. c4 d6 7. Nc3 c6 8. d5 e5 9. dxe6 Bxe6 10. b3 Re8 11. Bb2 Na6 12. Ng5 Nc5 13. Nxe6 Rxe6 14. Qc2 Re8 15. Rad1 Qe7 16. e3 a5 17. Rd2 Nfe4 18. Nxe4 fxe4 19. Bxg7 Kxg7 20. Rfd1 Red8 21. Rd4 Re8 22. Rxd6 Qe5 23. R6d4 Re7 24. a3 Rae8 25. b4 axb4 26. axb4 Nd3 27. Rxe4 Nxb4 28. Qd2 Qc5 29. Qc3+ Kg8 30. Rd7 Nd5 31. Rexe7 Nxe7 32. Rxb7 Qd6 33. c5 Qe6 34. Bf1 Nd5 35. Qg7# 1-0


[Site "https://www.chess.com"]

[Event "Titled Tuesday Blitz September 20 Late 2022"]
[White "Livaic, Leon"]
[Black "Tristan, Leonardo"]
[WhiteFideId "14531534"]
[BlackFideId "113816"]
[WhiteElo "2540"]
[BlackElo "2404"]
[Result "1-0"]
[Round "08"]
[TimeControl "180+1"]
[Date "2022.09.20"]
[WhiteClock "0:01:14"]
[BlackClock "0:00:14"]

1. d4 d5 2. c4 e6 3. Nc3 a6 4. cxd5 exd5 5. Nf3 Nf6 6. Bg5 Be6 7. Bxf6 Qxf6 8. Qb3 Ra7 9. g3 Qd8 10. h4 Nd7 11. Ng5 Be7 12. Nxe6 fxe6 13. Bh3 Nf8 14. e4 c6 15. O-O Qd6 16. exd5 exd5 17. Qb6 Ra8 18. Qxb7 Rb8 19. Qxa6 Ne6 20. Bxe6 Qxe6 21. Rae1 Qd6 22. Qa7 Kf7 23. Qa6 Rxb2 24. Ne2 c5 25. Qxd6 Bxd6 26. dxc5 Bxc5 27. Nc3 Bb4 28. Re3 Bxc3 29. Rxc3 Rxa2 30. Rc7+ Kf6 31. Re1 Rb8 32. Ree7 Rb1+ 33. Kg2 Rbb2 34. Rf7+ Ke6 35. Rce7+ Kd6 36. Re8 g6 37. Ref8 h5 38. Rf6+ Ke5 39. Rxg6 d4 40. Rg5+ Ke4 41. Rxh5 d3 42. Rf4# 1-0


[Site "https://www.chess.com"]

[Event "Titled Tuesday Blitz September 20 Late 2022"]
[White "Maksimovic, Bojan"]
[Black "Navarrete Mendez, Gonzalo Alberto"]
[WhiteFideId "14408120"]
[BlackFideId "5106850"]
[WhiteElo "2447"]
[BlackElo "2261"]
[Result "0-1"]
[Round "08"]
[TimeControl "180+1"]
[Date "2022.09.20"]
[WhiteClock "0:00:01"]
[BlackClock "0:00:38"]

1. e4 e5 2. Nf3 Nc6 3. Bb5 a6 4. Ba4 d6 5. O-O Nf6 6. Re1 b5 7. Bb3 Be7 8. c3 O-O 9. h3 Na5 10. Bc2 d5 11. exd5 e4 12. Bxe4 Nxe4 13. Rxe4 Bb7 14. d3 Re8 15. b4 Bxd5 16. Rxe7 Qxe7 17. Be3 Nc6 18. Nbd2 Qf6 19. Rc1 Ne5 20. Nxe5 Qxe5 21. a4 c6 22. a5 Rad8 23. Qg4 h5 24. Qg5 Qxg5 25. Bxg5 f6 26. Be3 g5 27. Kh2 Kf7 28. Rd1 Kg6 29. Rc1 f5 30. c4 bxc4 31. dxc4 Bxg2 32. Kxg2 Rxe3 33. fxe3 Rxd2+ 34. Kf3 g4+ 35. hxg4 hxg4+ 36. Kg3 Rb2 37. b5 axb5 38. cxb5 cxb5 39. Ra1 Rb3 40. Kf2 Rb2+ 41. Kg3 Re2 42. Kf4 Rf2+ 43. Ke5 Re2 44. Kd4 Rd2+ 45. Ke5 Kg5 46. a6 Rd8 47. a7 Ra8 48. Kd5 g3 49. Kc5 Kg4 50. Kxb5 Kf3 51. Rf1+ Kxe3 52. Rf4 Kxf4 0-1


[Site "https://www.chess.com"]

[Event "Titled Tuesday Blitz September 20 Late 2022"]
[White "Martin Duque, Jesus"]
[Black "Tari, Aryan"]
[WhiteFideId "2208954"]
[BlackFideId "1510045"]
[WhiteElo "2258"]
[BlackElo "2612"]
[Result "0-1"]
[Round "08"]
[TimeControl "180+1"]
[Date "2022.09.20"]
[WhiteClock "0:00:09"]
[BlackClock "0:00:52"]

1. Nf3 c5 2. b3 d6 3. Bb2 e5 4. d3 Nc6 5. c4 g6 6. g3 Bg7 7. Bg2 Nge7 8. Nc3 O-O 9. O-O h6 10. a3 Be6 11. Nd2 f5 12. Nd5 Qd7 13. b4 Kh7 14. e3 Bg8 15. Nxe7 Nxe7 16. f4 Rad8 17. Qe2 b6 18. b5 d5 19. cxd5 Bxd5 20. e4 Be6 21. fxe5 Qxd3 22. Rf2 Qxe2 23. Rxe2 f4 24. a4 fxg3 25. hxg3 Bg4 26. Rae1 Bxe2 27. Rxe2 Rd3 28. Nc4 Rxg3 29. Kh2 Rd3 30. a5 bxa5 31. Nxa5 g5 32. Rc2 g4 33. Rxc5 Rf2 34. Bc1 Ng6 35. Kg1 Rxg2+ 36. Kxg2 Nh4+ 37. Kh2 g3+ 38. Kh3 g2+ 39. Kh2 Rh3+ 40. Kxh3 g1=Q 41. Kxh4 Qxc5 0-1


[Site "https://www.chess.com"]

[Event "Titled Tuesday Blitz September 20 Late 2022"]
[White "Martinez Alcantara, Jose Eduardo"]
[Black "Lin, Dachey"]
[WhiteFideId "3805662"]
[BlackFideId "2029650"]
[WhiteElo "2993"]
[BlackElo "2838"]
[Result "1-0"]
[Round "08"]
[TimeControl "180+1"]
[Date "2022.09.20"]
[WhiteClock "0:01:20"]
[BlackClock "0:00:19"]

1. e4 g6 2. d4 Bg7 3. c3 c6 4. Bd3 d5 5. e5 h5 6. h3 Nh6 7. Bf4 Bf5 8. Be2 e6 9. Nf3 Qb6 10. Qc1 Nd7 11. O-O Bxb1 12. Rxb1 Nf5 13. b4 Qc7 14. Bd3 b5 15. a4 a6 16. Ra1 Nb6 17. axb5 axb5 18. Rxa8+ Nxa8 19. Qa3 Nb6 20. Ra1 O-O 21. Qc1 Ra8 22. Rxa8+ Nxa8 23. Bxf5 exf5 24. e6 Qe7 25. exf7+ Qxf7 26. Qe1 Nb6 27. Ng5 Qd7 28. h4 Bf6 29. Nf3 Nc4 30. Qa1 Qb7 31. g3 Kf7 32. Kg2 Kg8 33. Kh2 Kf7 34. Bg5 Bg7 35. Kg2 Kg8 36. Ne1 Nd6 37. Nd3 Ne4 38. Bf4 Kf7 39. f3 Nf6 40. Ne5+ Kg8 41. Nxg6 Ne8 42. Qe1 Kf7 43. Ne5+ Kg8 44. Nd3 Kf7 45. Nc5 Qe7 46. Qd2 Bf6 47. Nd3 Qa7 48. Be5 Qa1 49. Bxf6 Nxf6 50. Nf4 Qb1 51. Qe2 1-0


[Site "https://www.chess.com"]

[Event "Titled Tuesday Blitz September 20 Late 2022"]
[White "Maze, Sebastien"]
[Black "Shimanov, Aleksandr"]
[WhiteFideId "613762"]
[BlackFideId "4198603"]
[WhiteElo "2430"]
[BlackElo "2605"]
[Result "1-0"]
[Round "08"]
[TimeControl "180+1"]
[Date "2022.09.20"]
[WhiteClock "0:00:17"]
[BlackClock "0:00:10"]

1. e4 d5 2. exd5 Qxd5 3. Nf3 Bg4 4. Be2 Nc6 5. O-O O-O-O 6. h3 Bf5 7. Nc3 Qd7 8. b4 Nxb4 9. d3 e6 10. Rb1 Nc6 11. Be3 Nf6 12. Nb5 Nd5 13. Bxa7 Nxa7 14. Nxa7+ Kb8 15. Ne5 Qe8 16. Nac6+ Kc8 17. Nxd8 Nc3 18. Qd2 Nxb1 19. Rxb1 Kxd8 20. Rxb7 Kc8 21. Bf3 Qa4 22. Bc6 Qxa2 23. Nd7 Qa1+ 24. Kh2 Bd6+ 25. g3 Qa8 26. Rb8+ Qxb8 27. Nxb8 Kd8 28. Be4 Bg6 29. Qa5 Ke7 30. Nc6+ Kd7 31. Qb5 f5 32. Bg2 Rf8 33. f4 Be8 34. d4 h6 35. d5 g5 36. dxe6+ Kxe6 37. Qd5+ Kf6 38. Nd4 Bd7 39. c4 Bc8 40. c5 Be7 41. Qe5+ Kg6 42. Ne6 Bf6 43. Nxf8+ 1-0


[Site "https://www.chess.com"]

[Event "Titled Tuesday Blitz September 20 Late 2022"]
[White "Melikyan, Gnel"]
[Black "Rasulov, Vugar"]
[WhiteFideId "54109990"]
[BlackFideId "13402390"]
[WhiteElo "1772"]
[BlackElo "2509"]
[Result "0-1"]
[Round "08"]
[TimeControl "180+1"]
[Date "2022.09.20"]
[WhiteClock "0:00:01"]
[BlackClock "0:01:55"]

1. e4 c5 2. Nf3 Nc6 3. Bb5 d6 4. d4 cxd4 5. Nxd4 Bd7 6. Nc3 Nf6 7. O-O g6 8. Be3 Bg7 9. Qe2 O-O 10. h3 Rc8 11. Rfd1 a6 12. Bxc6 bxc6 13. Qxa6 c5 14. Nf3 Qc7 15. Bg5 Bc6 16. Re1 h6 17. Bh4 Nh5 18. Qd3 g5 19. Bg3 Nxg3 20. fxg3 Rb8 21. Rab1 e6 22. a3 Rfd8 23. Rf1 Qa5 24. Nd2 Qc7 25. Kh1 d5 26. exd5 exd5 27. Rf5 c4 28. Qf1 d4 29. Nce4 c3 30. bxc3 dxc3 31. Rxb8 Qxb8 32. Rxf7 Qe5 33. Rxg7+ Kxg7 0-1


[Site "https://www.chess.com"]

[Event "Titled Tuesday Blitz September 20 Late 2022"]
[White "Mihajlov, Sebastian"]
[Black "Tanenbaum, Zachary"]
[WhiteFideId "1512110"]
[BlackFideId "2060850"]
[WhiteElo "2464"]
[BlackElo "2175"]
[Result "0-1"]
[Round "08"]
[TimeControl "180+1"]
[Date "2022.09.20"]
[WhiteClock "0:01:56"]
[BlackClock "0:00:27"]

1. e4 e5 2. Nf3 Nc6 3. Bc4 Nf6 4. d4 exd4 5. O-O Nxe4 6. Re1 d5 7. Bxd5 Qxd5 8. Nc3 Qa5 9. Nxe4 Be6 10. Neg5 O-O-O 11. Nxe6 fxe6 12. Rxe6 Qh5 13. Bg5 Rd7 14. Qe2 Bd6 15. h3 Rf8 16. Re1 b6 17. Qa6+ Kb8 18. Re8+ Rxe8 0-1


[Site "https://www.chess.com"]

[Event "Titled Tuesday Blitz September 20 Late 2022"]
[White "Moral Garcia, Serafin"]
[Black "Brodowski, Piotr"]
[WhiteFideId "2201925"]
[BlackFideId "1124480"]
[WhiteElo "2259"]
[BlackElo "2312"]
[Result "1-0"]
[Round "08"]
[TimeControl "180+1"]
[Date "2022.09.20"]
[WhiteClock "0:00:15"]
[BlackClock "0:00:01"]

1. c4 e5 2. Nc3 g6 3. g3 Bg7 4. Bg2 Nc6 5. d3 f5 6. e3 Nf6 7. Nge2 O-O 8. Rb1 a5 9. O-O d6 10. a3 Be6 11. Nd5 Qd7 12. b4 axb4 13. axb4 Nd8 14. Bb2 Qf7 15. Nec3 c6 16. Nxf6+ Bxf6 17. Qe2 Qg7 18. Ra1 Rxa1 19. Rxa1 g5 20. b5 e4 21. d4 Qf7 22. Bf1 Qc7 23. f3 exf3 24. Qxf3 Nf7 25. bxc6 bxc6 26. Bd3 g4 27. Qf2 Ng5 28. Kh1 Nf3 29. Be2 Rb8 30. Ba3 Qa5 31. Nd1 Rb3 32. Bb2 Qb4 33. Bxf3 gxf3 34. Qxf3 Qxc4 35. Kg1 Rb8 36. Ba3 Ra8 37. Bb2 Rxa1 38. Bxa1 Kg7 39. Bc3 Kg6 40. Be1 Bd5 41. Qf1 Qc2 42. Nf2 1-0


[Site "https://www.chess.com"]